 Dungeon Crawl Stone Soup version 0.32-a0-996-gb3226c233f (webtiles) character file.

Game seed: 1550370531870341804

61 Rayvis the Covered (level 3, -1/33 HPs)
             Began as a Minotaur Fighter on Apr 23, 2024.
             Slain by Grinder (6 damage)
             ... on level 3 of the Dungeon.
             The game lasted 00:01:38 (1834 turns).

Rayvis the Covered (Minotaur Fighter)               Turns: 1834, Time: 00:01:39

Health: -1/33      AC:  9    Str: 22    XL:     3   Next: 83%
Magic:  2/2        EV:  8    Int:  5    God:
Gold:   83         SH:  9    Dex:  9    Spells: 2/2 levels left

rFire   . . .        a - +0 war axe
rCold   . . .        c - +0 buckler
rNeg    . . .        b - +0 scale mail
rPois   .            (helmet restricted)
rElec   .            (no cloak)
rCorr   .            p - +1 pair of gloves
SInv    .            (no boots)
Will    .....        f - amulet of reflection Stlth
                     (no ring)
HPRegen 0.25/turn    (no ring)
MPRegen 0.08/turn

%: reflection
@: no status effects
A: horns 2, retaliatory headbutt
a: no special abilities


You were on level 3 of the Dungeon.
You visited 1 branch of the dungeon, and saw 3 of its levels.

You collected 83 gold pieces.

Inventory:

Hand Weapons
 a - a +0 war axe (weapon)
Armour
 b - a +0 scale mail (worn)
 c - a +0 buckler (worn)
 p - a +1 pair of gloves (worn)
Jewellery
 f - an amulet of reflection (around neck)
Scrolls
 l - a scroll of fog {unknown}
 r - a scroll of enchant weapon {unknown}
Potions
 d - 2 potions of might
 e - a potion of curing {unknown}
 g - a potion of heal wounds
 h - a potion of magic {unknown}
 i - a potion of brilliance {unknown}
 m - 2 potions of berserk rage
 n - a potion of mutation {unknown}
 o - a potion of degeneration {unknown}


   Skills:
 + Level 4.2 Fighting
 * Level 4.0 Axes
 + Level 4.2 Armour
 - Level 3.6 Shields


You had 2 spell levels left.
You didn't know any spells.
Your spell library contained the following spells:

 Spells                   Type           Power      Damage    Failure   Level
 Ensorcelled Hibernation  Hex/Ice        0%         N/A       94%         2
 Passwall                 Erth           0%         N/A       99%         3
 Swiftness                Air            0%         N/A       99%         3


Dungeon Overview and Level Annotations

Branches:
Dungeon (3/15)

Altars:
Dithmenos

Annotations:
D:1 1 transporter
D:3 Grinder


Innate Abilities, Weirdness & Mutations

You have a pair of horns on your head.
You reflexively headbutt those who attack you in melee.


Message History

Grinder is nearby!
Found 13 gold pieces.
Grinder gestures at you.
You barely resist.
Grinder says, "Wait up."
You start waiting.
Grinder is nearby!
Grinder hits you.
You writhe in agony.
You slash Grinder! Your headbutt misses Grinder.
Grinder is moderately wounded.
You block Grinder's attack.
You hit Grinder. You headbutt Grinder!
Grinder is severely wounded.
Grinder hits you.
You writhe in agony.
You hit Grinder.
Grinder is severely wounded.
Grinder hits you but does no damage.
Grinder blinks!
Grinder is nearby!
Grinder gestures at you.
You suddenly lose the ability to move!
Grinder says, "Tell me all your secrets, or I'll kill you."
Grinder hits you.
You writhe in agony.
* * * LOW HITPOINT WARNING * * *
You can move again.
You closely miss Grinder. You headbutt Grinder.
Grinder is almost dead.
You block Grinder's attack.
Unknown command.
You hit Grinder.
Grinder is almost dead.
Grinder gestures at you.
You barely resist.
Unknown command.
You hit Grinder but do no damage.
Grinder is almost dead.
Grinder hits you.
* * * LOW HITPOINT WARNING * * *
You writhe in agony.
You die...
Grinder sighs, "Dead already?
I want a refund."

#... ##..$###
....... .....
.... ..# # #.# #.
#.# #.###@#
#...5.#
######.###
##.####.####
##.#.#......#
##.###.......##
#.## ##.....>....
##.###.......###.
###.#........#


You could see Grinder.

Vanquished Creatures
  2 adders (D:2)
  A dart slug (D:1)
  A ribbon worm (D:2)
  A ball python (D:1)
  5 endoplasms
  3 giant cockroaches
  A goblin (D:1)
  3 hobgoblins (D:1)
  4 jackals (D:2)
  2 quokkas
  A bat (D:2)
  3 frilled lizards
  6 kobolds
  2 rats (D:1)
35 creatures vanquished.

Notes
Turn   | Place    | Note
-------+----------+-------------------------------------------
     0 | D:1      | Rayvis the Minotaur Fighter began the quest for the Orb.
     0 | D:1      | Reached XP level 1. HP: 19/19 MP: 0/0
   198 | D:1      | Reached XP level 2. HP: 27/27 MP: 1/1
   869 | D:2      | Reached XP level 3. HP: 26/33 MP: 2/2
   915 | D:2      | Found a shadowy altar of Dithmenos.
  1816 | D:3      | Noticed Grinder
  1829 | D:3      | Paralysed by Grinder for 3 turns
  1834 | D:3      | Slain by Grinder

Illustrated notes

Levels and vault maps discovered:
D:1:      spicycebolla_arrival_risky_transporter, layout_loops_corners,
          minmay_misc_feat_more_columns
D:2:      layout_basic, basic_altar, hangedman_abyss_or_decor_lesser_grid,
          hangedman_decor_diamond_cutter
D:3:      layout_loops_cross, uniq_grinder

Skill      XL: |  1  2  3 |
---------------+----------+-----
Axes           | 3 4 |  4.0
Armour         | 4 |  4.2
Fighting       | 4 |  4.2
Shields        | |  3.6

Action                     || total
---------------------------++-------
  Melee: War axe           ||    79
         Headbutt          ||    10
    Use: Scroll            ||     4
 Armour: Scale mail        ||    57
  Dodge: Dodged            ||    29
  Block: Buckler           ||    17

Table legend: (Time is in decaauts)
 A = Elapsed time spent in this place.
 B = Non-inter-level travel time spent in this place.
 C = Inter-level travel time spent in this place.
 D = Time resting spent in this place.
 E = Time spent auto-exploring this place.
 F = Levels seen in this place.
 G = Mean time per level.
                   A        B        C        D        E       F      G
               +--------+--------+--------+--------+--------+-----+--------+
         Total |   1863 |   1827 |     36 |     33 |   1535 |   3 |  621.0 |
       Dungeon |   1863 |   1827 |     36 |     33 |   1535 |   3 |  621.0 |
               +--------+--------+--------+--------+--------+-----+--------+

Top non-repeatable levels by time:
     D:2: 975 daAuts
     D:1: 840 daAuts
     D:3: 47 daAuts
